 Dungeon Crawl Stone Soup version 0.31.0-9-g3a7656b989 (webtiles) character file.

Game seed: 17972649640905212858

34 qw the Shooter (level 3, -4/20 HPs)
             Began as a Deep Elf Hunter on Feb 3, 2024.
             Slain by Grinder (7 damage)
             ... on level 2 of the Dungeon.
             The game lasted 00:00:05 (1457 turns).

qw the Shooter (Deep Elf Hunter)                    Turns: 1457, Time: 00:00:05

Health: -4/20      AC:  8    Str: 10    XL:     3   Next: 14%
Magic:  5/5        EV: 11    Int: 13    God:
Gold:   122        SH:  0    Dex: 18    Spells: 2/2 levels left

rFire   . . .        a - +0 shortbow
rCold   . . .        (shield currently unavailable)
rNeg    . . .        e - +0 ring mail
rPois   .            h - +0 helmet
rElec   .            (no cloak)
rCorr   .            (no gloves)
SInv    .            i - +1 pair of boots
Will    +....        (no amulet)
Stlth   +            f - ring of willpower
HPRegen 0.23/turn    (no ring)
MPRegen 0.09/turn

%: no passive effects
@: no status effects
A: no striking features
a: no special abilities


You were on level 2 of the Dungeon.
You visited 1 branch of the dungeon, and saw 3 of its levels.

You collected 122 gold pieces.


   Skills:
 - Level 1.5 Fighting
 + Level 6.7 Ranged Weapons
 - Level 2.4 Dodging
 - Level 1.2 Stealth


You had 2 spell levels left.
You didn't know any spells.
Your spell library was empty.

Inventory:

Hand Weapons
 a - a +0 shortbow (weapon)
Armour
 e - a +0 ring mail (worn)
 h - a +0 helmet (worn)
 i - a +1 pair of boots (worn)
Jewellery
 f - a ring of willpower (left hand)
Potions
 b - a potion of mutation

Dungeon Overview and Level Annotations

Branches:
Dungeon (3/15)

Altars:

Annotations:
D:2 Grinder


Message History

Your frilled lizard dissolves into shadows!
There is a stone staircase leading down here.
You climb downwards.
Grinder shouts!
The kobold shouts!
The hobgoblin shouts!
You hear a shout!
Found a ring mail, a hand axe, a short sword, a glowing barding and 3 stones.
There is a stone staircase leading up here.
There are monsters nearby!
Waypoint 2 assigned to D:3.
You shoot an arrow. The arrow closely misses Grinder.
You shoot an arrow. The arrow closely misses Grinder.
1448 ||| STAIRDANCE The kobold hits you but does no damage.
Grinder closely misses you.
You climb upwards.
There is a stone staircase leading down here.
Enter note: You shoot an arrow.
The arrow hits Grinder.
Grinder is lightly wounded.
Grinder hits you.
You writhe in agony.
The kobold hits you but does no damage.
You shoot an arrow.
The arrow hits Grinder but does no damage.
Grinder is lightly wounded.
Grinder barely misses you. The kobold closely misses you.
You shoot an arrow. The arrow hits Grinder!
Grinder is moderately wounded.
Grinder gestures at you. Pain shoots through your body! The kobold misses you.
Grinder hits you. The kobold misses you.
You shoot an arrow. The arrow hits Grinder!
Grinder is heavily wounded.
Grinder blinks!
The kobold hits you but does no damage.
You shoot an arrow. The arrow hits the kobold.
You kill the kobold!
You start resting.
Grinder is nearby!
You shoot an arrow. The arrow closely misses Grinder.
You shoot an arrow. The arrow hits Grinder!
Grinder is severely wounded.
Grinder hits you!
You die...
Grinder says, "Hey, I wasn't done torturing you yet!"

....................##..##.#####.
.####%######.....##.##.#.#.....#.
.# #.# #.....##...###........ .#
#.# #.######.#..#.#####.#. .# #.#
#.# ##.###..######... .# #.#
#.####.## ##....#....# .# #.###
#.....#<###..##.#.#..# .# #...#
#####5##.#.#.##....##. ## ###.#
#@###.##.####.#.#. #>#
#)##.#......#..... #.#
#.#.###.....##.... #.#
#..##............. #.####
#.###.......#....# #....#
##.##.......#.#### ####.#
##.#.......#.# ## #.#
##........#.###. ### #.#
#........#.#...


You could see Grinder.

Vanquished Creatures
  6 endoplasms
  A giant cockroach (D:1)
  5 goblins
  3 hobgoblins (D:1)
  3 quokkas (D:1)
  4 ball pythons
  2 bats (D:1)
  A frilled lizard (D:1)
  2 kobolds
  2 rats (D:1)
29 creatures vanquished.

Notes
Turn   | Place    | Note
-------+----------+-------------------------------------------
     0 | D:1      | qw the Deep Elf Hunter began the quest for the Orb.
     0 | D:1      | Reached XP level 1. HP: 12/12 MP: 3/3
     0 | D:1      | 0 ||| qw: Version: 0.3-a-155-g5e7d8dd
     0 | D:1      | 0 ||| qw: Game counter: 2971
     0 | D:1      | 0 ||| qw: Melee chars always use a shield: true
     0 | D:1      | 0 ||| qw: God list: Okawaru
     0 | D:1      | 0 ||| qw: Allow faded altars: false
     0 | D:1      | 0 ||| qw: Do Orc after clearing Dungeon:15 true
     0 | D:1      | 0 ||| qw: Do second Lair branch before Depths: true
     0 | D:1      | 0 ||| qw: Lair rune preference: random
     0 | D:1      | 0 ||| qw: Goals: Normal
     0 | D:1      | 0 ||| PLANNING D:1-11
    44 | D:1      | 44 ||| READING scroll labelled SAFUKO TELYUG.
    44 | D:1      | 44 ||| ENCHANTING +0 shortbow.
    45 | D:1      | 45 ||| READING scroll labelled BESUYH URUTAMU.
    46 | D:1      | 46 ||| DROPPING scroll of butterflies.
    93 | D:1      | Found a faded altar of an unknown god.
   175 | D:1      | Reached XP level 2. HP: 16/16 MP: 4/4
   215 | D:1      | Reached skill level 6 in Ranged Weapons
   296 | D:1      | 296 ||| UPGRADING to +0 scale mail.
   351 | D:1      | 351 ||| DROPPING +0 leather armour.
   352 | D:1      | 352 ||| UPGRADING to +0 helmet.
   378 | D:1      | 378 ||| UPGRADING to +1 pair of boots.
   757 | D:1      | 757 ||| DROPPING ring of flight.
   758 | D:1      | 758 ||| READING scroll labelled ZUURU NUSUUFAH.
   759 | D:1      | 759 ||| READING 2 scrolls labelled UPSIGGOPAA.
   759 | D:1      | 759 ||| IDENTIFYING orange potion
   760 | D:1      | 760 ||| READING scroll of identify.
   760 | D:1      | 760 ||| IDENTIFYING inky potion
   762 | D:1      | 762 ||| Stepping ~*~*~tactically~*~*~ (cloud).
   763 | D:1      | 763 ||| DRINKING potion of curing.
   763 | D:1      | 763 ||| (to cure poison)
   927 | D:2      | Reached XP level 3. HP: 20/20 MP: 5/5
  1339 | D:2      | 1339 ||| UPGRADING to +0 ring mail.
  1349 | D:2      | 1349 ||| DROPPING +0 scale mail.
  1350 | D:2      | 1350 ||| UPGRADING to ring of willpower.
  1351 | D:2      | 1351 ||| READING scroll labelled QEVVAOTEMI.
  1352 | D:2      | 1352 ||| READING scroll labelled XOOFAXZ OGUU.
  1353 | D:2      | 1353 ||| READING scroll labelled VUFINYLICOW.
  1445 | D:3      | Noticed Grinder
  1448 | D:3      | 1448 ||| STAIRDANCE
  1452 | D:2      | HP: 3/20 [Grinder/nerve-wracking pain (7)]
  1452 | D:2      | HP: 1/20 [Grinder (2)]
  1457 | D:2      | Slain by Grinder

Levels and vault maps discovered:
D:1:      eino_arrival_cavern_e, layout_loops_ring, serial_glass,
          glass_columns_b, glass_columns_b, glass_columns_a, glass_columns_a,
          glass_columns_b, glass_columns_b, glass_columns_b, glass_columns_b,
          dreamdust_ecumenical_altar_grove
D:2:      layout_loops_ring
D:3:      layout_rooms, uniq_grinder, uniq_crazy_yiuf_cottage

Skill      XL: |  1  2 |
---------------+-------+-----
Ranged Weapons | 6 |  6.7
Fighting       | |  1.5
Dodging        | |  2.4
Stealth        | |  1.2

Action                     || total
---------------------------++-------
   Fire: Shortbow          ||    74
    Use: Scroll            ||     8
         Potion            ||     1
 Armour: Leather armour    ||     9
         Scale mail        ||     8
         Skin              ||     3
         Ring mail         ||     6
  Dodge: Dodged            ||    15

Table legend:
 A = Non-vault XP
 B = Vault XP
 C = Vault XP percentage of total XP
 D = Non-vault monster count
 E = Vault monster count
 F = Vault count percentage of total count
                 A         B        C        D         E       F
            +---------+---------+-------+---------+---------+-------
      Total |      49 |       0 |   0.0 |      29 |       0 |   0.0
            +---------+---------+-------+---------+---------+-------
        D:1 |      35 |       0 |   0.0 |      21 |       0 |   0.0
        D:2 |      14 |       0 |   0.0 |       8 |       0 |   0.0
            +---------+---------+-------+---------+---------+-------
